AoeStats
← Thebärbär

Hideout

510167274Analyzed
1v1 RM · 3d ago on Sep 29, 2026· 36m 4s· 2 players
Game mode
Random Map
Map size
Tiny (2 player)
Population
200
Speed
Normal
Resources
Standard
Victory
Conquest
Starting age
Dark Age
Ending age
Imperial Age
RankedLock teamsTeams togetherTeam positionsShared explorationLock speedFull tech treeHidden civsTurbo modeCheats
Victory
Defeat
🇧🇷 Persians · Brazil
745
+17
🇩🇪 Wu · Germany
760
-17
henrique.villetti
7:13 Loom
10:12 Feudal Age
15:27 Castle Age
13:17 Horse Collar
13:35 Double-Bit Axe
17:39 Bow Saw
20:34 Gold Mining
21:50 Stone Mining
22:03 Heavy Plow
25:57 Wheelbarrow
28:43 Imperial Age
27:12 Bloodlines
27:04 Husbandry
28:04 Hand Cart
28:49 Gold Shaft Mining
28:53 Stone Shaft Mining
29:06 Forging
29:02 Scale Barding Armor
30:22 Cavalier
31:41 Iron Casting
31:27 Chain Barding Armor
31:59 Savar
35:08 Two-Man Saw
37:13 Blast Furnace
36:49 Plate Barding Armor
Thebärbär
9:04 Loom
10:58 Feudal Age
17:25 Castle Age
16:08 Fletching
16:09 Double-Bit Axe
16:16 Gold Mining
17:15 Padded Archer Armor
18:00 Crossbowman
20:12 Bow Saw
20:36 Horse Collar
23:35 Ballistics
24:32 Pikeman
28:01 Leather Archer Armor
29:24 Wheelbarrow
33:55 Imperial Age
31:56 Bodkin Arrow
32:16 Forging
32:42 Squires
32:47 Scale Mail Armor
33:40 Heavy Plow
34:06 Arbalester
36:27 Chemistry
35:34 Halberdier
36:00 Arson
Connection lost

Rejoining the realm…

Still unreachable

The connection could not be restored.

Session expired

The server has moved on; the page needs a fresh start.